 Dungeon Crawl Stone Soup version 0.28.0-53-g5a82cb258f (webtiles) character file.

Game seed: 1592270700552344361

141 gobodom the Gusty (level 5, -4/36 HPs)
             Began as a Demonspawn Air Elementalist on June 18, 2022.
             Slain by Sigmund
             ... wielding a +2 scythe of protection
              (14 damage)
             ... on level 3 of the Dungeon.
             The game lasted 00:18:55 (4387 turns).

gobodom the Gusty (Demonspawn Air Elementalist)     Turns: 4387, Time: 00:18:56

Health: -4/36      AC: 11    Str: 11    XL:     5   Next: 3%
Magic:  0/9        EV: 12    Int: 16    God:
Gold:   86         SH:  0    Dex: 13    Spells: 8/9 levels left

rFire   . . .      SeeInvis .   c - +1 dagger
rCold   . . .      Faith    .   (no shield)
rNeg    . . .      Spirit   .   f - +2 robe {Will+}
rPois   .          Reflect  .   (helmet restricted)
rElec   .          Harm     .   (no cloak)
rCorr   .          Rampage  .   (no gloves)
Will    +....                   l - +0 pair of boots
Stlth   ++........              (no amulet)
HPRegen 0.12/turn               (no ring)
MPRegen 0.11/turn               (no ring)

@: about to teleport, sanguine armoured
A: horns 2, sanguine armour 1
a: no special abilities


You were on level 3 of the Dungeon.
You visited 1 branch of the dungeon, and saw 4 of its levels.

You collected 86 gold pieces.

Inventory:

Hand Weapons
 c - a +1 dagger (weapon)
Missiles
 a - a boomerang (quivered)
 j - 2 atropa-tipped darts
Armour
 f - a +2 robe of willpower (worn)
 l - a +0 pair of boots (worn)
Potions
 b - a potion of ambrosia
 d - 2 potions of curing
 e - a potion of resistance


   Skills:
 + Level 0.6 Fighting
 + Level 1.0 Short Blades
 + Level 2.3 Dodging
 + Level 2.1 Stealth
 + Level 0.3 Unarmed Combat
 + Level 2.9 Spellcasting
 + Level 1.8 Conjurations
 + Level 3.5 Air Magic


You had 8 spell levels left.
You knew the following spells:

 Your Spells              Type           Power      Damage    Failure   Level
a - Shock                 Conj/Air       44%        1d5       6%          1

Your spell library contained the following spells:

 Spells                   Type           Power      Damage    Failure   Level
 Static Discharge         Conj/Air       11%        N/A       10%         2
 Swiftness                Air            13%        N/A       13%         3
 Beastly Appendage        Tmut           4%         N/A       19%         1
 Wereblood                Tmut           2%         N/A       28%         2
 Airstrike                Air            6%         N/A       41%         4
 Spider Form              Tmut/Pois      2%         N/A       50%         3


Dungeon Overview and Level Annotations

Branches:
Dungeon (4/15)
 Temple: D:4-7

Altars:

Shops:
D:1 (   D:3 [

Annotations:
D:3 Sigmund


Innate Abilities, Weirdness & Mutations

You have a pair of horns on your head.
When seriously injured, your blood forms armour. (AC +6)


Message History

Sigmund seems to grow stronger.
As you read the scroll of fear, it crumbles to dust.
You assume a fearsome visage.
Sigmund looks frightened!
Sigmund gestures wildly while chanting.
Sigmund flickers and vanishes!
Deactivating autopickup; reactivate with Ctrl-A.
Casting: Shock (safe; 6% risk of failure)
Confirm with . or Enter, or press ? or * to list all spells.
You can't see any susceptible monsters within range! (Use Z to cast anyway.)
Casting: Shock (safe; 6% risk of failure)
Confirm with . or Enter, or press ? or * to list all spells.
Aiming: Shock (safe; 6% risk of failure)
Press: ? - help, Shift-Dir - straight line The zap hits something.
Casting: Shock (safe; 6% risk of failure)
Confirm with . or Enter, or press ? or * to list all spells.
Aiming: Shock (safe; 6% risk of failure)
Press: ? - help, Shift-Dir - straight line The zap hits something.
Casting: Shock (safe; 6% risk of failure)
Confirm with . or Enter, or press ? or * to list all spells.
Aiming: Shock (safe; 6% risk of failure)
Press: ? - help, Shift-Dir - straight line The zap hits something.
A magic dart appears from out of thin air!
The magic dart hits you. Something hits you!
You hit something but do no damage. Your headbutt misses something.
Something hits you!
* * * LOW HITPOINT WARNING * * *
You feel much better.
Casting: Shock (safe; 6% risk of failure)
Confirm with . or Enter, or press ? or * to list all spells.
You don't have enough magic to cast this spell.
You completely miss something. Something hits you!
* * * LOW HITPOINT WARNING * * *
As you read the scroll of teleportation, it crumbles to dust.
You feel strangely unstable. Something hits you!
You die...

#.#
#.###.#####.###
#.# #.#
#.####.... #.#
#.# #.......#
#.# #.#
#.######.# #.#
#.###.# #.# #.#
#.....# #.#
##.## ....$ #..
#...######..# #
########
#.......@.{.#
#. .<......
#...######..#
#..###.###.
#####
.####..###.# #.
.# #.......###.
.# #...........
.# #.......##..
.. ........###.
## #....)..###.
#...........


There were no monsters in sight!

Vanquished Creatures
  An orc wizard (D:3)
  4 adders
  2 dart slugs
  4 orcs (D:3)
  2 ball pythons (D:1)
  6 endoplasms
  A giant cockroach (D:2)
  6 goblins
  8 hobgoblins
  7 jackals
  5 kobolds
  3 quokkas
  5 bats
  4 frilled lizards
  10 rats
68 creatures vanquished.

Notes
Turn   | Place    | Note
-------+----------+-------------------------------------------
     0 | D:1      | gobodom the Demonspawn Air Elementalist began the quest for
                  | the Orb.
     0 | D:1      | Reached XP level 1. HP: 13/13 MP: 3/3
   656 | D:1      | Reached skill level 3 in Air Magic
   656 | D:1      | Gained mutation: When seriously injured, your blood forms
                  | armour. (AC +6) [demonic ancestry]
   656 | D:1      | Reached XP level 2. HP: 19/19 MP: 0/5
   835 | D:1      | Found Elyfoafo's Weapon Emporium.
  1571 | D:1      | Gained mutation: You have a pair of small horns on your
                  | head. [demonic ancestry]
  1571 | D:1      | Reached XP level 3. HP: 15/24 MP: 1/6
  2085 | D:2      | Found a faded altar of an unknown god.
  2828 | D:2      | Gained mutation: You have a pair of horns on your head.
                  | [demonic ancestry]
  2828 | D:2      | Reached XP level 4. HP: 26/30 MP: 7/7
  3075 | D:3      | Found Gaucvi Bine's Armour Emporium.
  3558 | D:3      | Noticed an ice beast
  3862 | D:3      | Reached skill level 1 in Short Blades
  4227 | D:3      | Reached XP level 5. HP: 35/36 MP: 4/9
  4368 | D:3      | Noticed Sigmund
  4383 | D:3      | HP: 1/36 [something (12)]
  4387 | D:3      | Slain by Sigmund

Illustrated notes

Levels and vault maps discovered:
D:1:      psy_arrival_radial02, layout_basic, serial_shops,
          nicolae_shop_bloodbath_and_beyond, minmay_vboxes
D:2:      layout_rooms, chequers_ecumenical_altar_simple
D:3:      layout_loops_ring, nicolae_tso_carved_into_rock, serial_shops,
          nicolae_diamond_shop, uniq_sigmund
D:4:      layout_loops_ring, kennysheep_generic_room_12, uniq_ijyb,
          uniq_crazy_yiuf_cottage

Skill      XL: |  1  2  3  4 |
---------------+-------------+-----
Air Magic      | 3 |  3.5
Dodging        | 2 |  2.3
Stealth        | 2 |  2.1
Short Blades   | 1 |  1.0
Fighting       | |  0.6
Unarmed Combat | |  0.3
Spellcasting   | |  2.9
Conjurations   | |  1.8

Action                   |  1- 3 |  4- 6 || total
-------------------------+-------+-------++-------
Melee: Unarmed           |    19 |       ||    19
       Dagger            |   105 |    28 ||   133
       Punch             |     3 |       ||     3
       Headbutt          |    11 |     1 ||    12
Throw: Boomerang         |       |     9 ||     9
       Dart              |       |     3 ||     3
 Cast: Shock             |    57 |    45 ||   102
  Use: Scroll            |     8 |     3 ||    11
       Potion            |       |     2 ||     2
 Stab: Sleeping          |     3 |       ||     3
Armor: Robe              |    40 |     8 ||    48
Dodge: Dodged            |    91 |    21 ||   112
